[Event "*** Titled Tuesday Blitz"]
[Site "Chess.com"]
[Date "2019.11.05"]
[Round "3"]
[White "Orest_Vovk"]
[Black "Mesutgm"]
[Result "1-0"]
[WhiteElo "2423"]
[BlackElo "2597"]
[TimeControl "180+2"]
[EndTime "13:39:56 PST"]
[Termination "Orest_Vovk won by resignation"]

1. h3 d5 2. e4 dxe4 3. Nc3 Bd7 4. Nxe4 Bc6 5. d3 Nd7 6. Nf3 e5 7. Be2 Ngf6 8. Nxf6+ Qxf6 9. O-O h6 10. Nd2 Bc5 11. Bf3 Bxf3 12. Qxf3 O-O-O 13. Qxf6 Nxf6 14. Nb3 Bb6 15.
Be3 Rhe8 16. Bxb6 axb6 17. Rfe1 e4 18. dxe4 Nxe4 19. Rad1 Rxd1 20. Rxd1 Nd6 21. Nd2 Re5 22. Kf1 Rc5 23. c3 Ra5 24. a3 Rb5 25. b4 Rd5 26. Ke2 Nb5 27. Nb1 Re5+ 28. Kf1 Nd6 29. Nd2 b5 30.
Re1 Rd5 31. Re2 Kd7 32. Ke1 Rd3 33. Re3 Rxe3+ 34. fxe3 Ke6 35. Ke2 Kd5 36. Kd3 f5 37. Nf3 c6 38. Nd2 Ke5 39. Nb3 Nc4 40. Nc5 b6 41. Nb3 Kd5 42. Nd4 g6 43. Nf3 Ne5+ 44. Nxe5 Kxe5 45. c4 g5 46. cxb5 cxb5 47. g3 Kd5 48. Kd2 Kc4 49. g4 fxg4 50. hxg4 Kd5 51. Kd3 Ke5 52. e4 Kf4 53. Kd4 Kxg4 54. e5 Kf5 55. Kd5 g4 56. e6 g3 57. e7 g2 58.
e8=Q g1=Q 59. Qf7+ 1-0

[Event "*** Titled Tuesday Blitz"]
[Site "Chess.com"]
[Date "2019.11.05"]
[Round "3"]
[White "champ2005"]
[Black "FelixJoseYnojosa"]
[Result "1-0"]
[WhiteElo "2919"]
[BlackElo "2627"]
[TimeControl "180+2"]
[EndTime "13:40:00 PST"]
[Termination "champ2005 won by resignation"]

1. c4 c5 2. Nc3 Nc6 3. Nf3 e5 4. e3 d6 5. d4 exd4 6. exd4 Bf5 7. Bd3 Bg4 8. d5 Nd4 9. Be3 Nxf3+ 10. gxf3 Bd7 11.
Qc2 Nf6 12. h4 Be7 13. h5 h6 14. O-O-O a6 15. Rdg1 Kf8 16. Bf4 b5 17. Re1 Ne8 18. Kb1 Rb8 19. Re2 bxc4 20. Bxc4 Bf6 21. Rhe1 Qb6 22.
b3 Bb5 23. Ne4 Bd4 24. Be3 Bxc4 25. Qxc4 Be5 26. Nxc5 Qb5 27. Qxb5 Rxb5 28. Nd7+ Ke7 29. Nxe5 dxe5 30. Bc1 f6 31. f4 Rxd5 32. fxe5 fxe5 33. Rxe5+ Rxe5 34. Rxe5+ Kf7 35. Ra5 Nf6 36. Be3 Re8 37. a4 Re6 38. Kc2 Ng4 39. Bd4 g6 40. Kd3 gxh5 41.
Rxh5 Kg6 42. Rc5 h5 43. f4 Nh6 44. Rg5+ Kf7 45. Rxh5 Ng4 46. Rg5 Nh2 47. Rf5+ Ke8 48.
Re5 Kd7 49. Rxe6 Kxe6 50. Ke4 Ng4 51. f5+ Kd7 52. b4 Nh6 53. b5 axb5 54. axb5 Nf7 55.
Be5 Kc8 56. Kd5 Kb7 57. Bd4 Kc7 58. Ke6 Ng5+ 59. Ke7 Nf3 60. Bf2 Ng5 61. f6 1-0

[Event "*** Titled Tuesday Blitz"]
[Site "Chess.com"]
[Date "2019.11.05"]
[Round "3"]
[White "StoreySniper"]
[Black "NikolaMa2000"]
[Result "0-1"]
[WhiteElo "2291"]
[BlackElo "2021"]
[TimeControl "180+2"]
[EndTime "13:40:00 PST"]
[Termination "NikolaMa2000 won by resignation"]

1. c4 e6 2. g3 d5 3. Bg2 Nf6 4. Nf3 c5 5. O-O Nc6 6. cxd5 Nxd5 7. Nc3 Be7 8. d3 O-O 9. Bd2 b6 10. a3 Bb7 11. Rb1 Bf6 12. Nxd5 Qxd5 13. Bc3 Nd4 14.
Bxd4 Bxd4 15. Nh4 Qd7 16. Bxb7 Qxb7 17. b4 cxb4 18. Nf3 Bf6 19. axb4 a5 20. bxa5 Rxa5 21. Qb3 b5 22. Nd2 Rb8 23. Ne4 Be7 24. Rfc1 b4 25.
Nd2 h6 26. Nc4 Ra6 27. Rc2 Qd5 28. h4 Kh7 29. e4 Qd4 30. Rcb2 Bd8 31. Kg2 Be7 32.
Re2 Bc5 33. Re3 Qd7 34. Rf3 f6 35. h5 Bd4 36. Qc2 Bc3 37. e5 f5 38. g4 fxg4 39. Rf4 Qd5+ 40. Kg1 Bxe5 41. d4+ Kg8 42. Nxe5 g3 43. fxg3 Ra2 44. Rb2 Ra1+ 45. Rf1 Rxf1+ 46.
Kxf1 Qh1+ 47. Kf2 Qh2+ 48. Ke3 Qxg3+ 49. Nf3 Rf8 50. Qe4 Kh8 51. Rxb4 Qh3 52. Rb5 Qh1 53. Re5 Qc1+ 54. Ke2 Qb2+ 55. Nd2 Qc1 56. Rxe6 Qb2 57. Re8 Qb5+ 58. Nc4 Rxe8 0-1

[Event "*** Titled Tuesday Blitz"]
[Site "Chess.com"]
[Date "2019.11.05"]
[Round "3"]
[White "Cruel_Yaro"]
[Black "timator"]
[Result "1-0"]
[WhiteElo "2871"]
[BlackElo "2680"]
[TimeControl "180+2"]
[EndTime "13:40:03 PST"]
[Termination "Cruel_Yaro won by resignation"]

1. e4 c5 2. Nf3 e6 3. g3 Nc6 4. Bg2 g6 5. O-O Bg7 6. c3 Nge7 7. d4 cxd4 8. cxd4 d5 9. e5 O-O 10. Nc3 a6 11. h4 h6 12. Bf4 Bd7 13. Qd2 Kh7 14. b3 Rc8 15. Rac1 b5 16. Ne2 Qa5 17.
Qb2 Qb6 18. g4 Rc7 19. Rc3 Rfc8 20. Rfc1 Nb4 21. Qd2 Rxc3 22. Rxc3 Rxc3 23. Nxc3 Nbc6 24. Ne2 Qa5 25. Qxa5 Nxa5 26. Ne1 Nb7 27. Nd3 Nc6 28. Bd2 Bf8 29. f4 Be7 30. Be1 a5 31. f5 gxf5 32. gxf5 a4 33. f6 Bd8 34. b4 Bb6 35. Bf2 Nb8 36. Kf1 Nd8 37. Ke1 Na6 38. Kd2 Nc6 39. Kc3 Ba7 40. Nef4 Bb6 41. a3 Kg8 42. Bf1 Nab8 43. Be2 Na6 44. Be3 Nc7 45. Ng2 Kh7 46. Bh5 Be8 47. Ngf4 Na7 48. Ne2 Nc6 49. Kd2 Na7 50.
Nf2 Nc6 51. Ng4 Na8 52. Kc3 Nc7 53. Nxh6 Nxe5 54. dxe5 Bxe3 55. Nxf7 d4+ 56. Kd3 Nd5 57. Nxd4 Bf4 58. Ng5+ Bxg5 59. Bxe8 Bxh4 60. Bxb5 Kg6 61. Be8+ Kh7 62. Nxe6 1-0

[Event "*** Titled Tuesday Blitz"]
[Site "Chess.com"]
[Date "2019.11.05"]
[Round "3"]
[White "SharkAnto55"]
[Black "gmcorrales"]
[Result "0-1"]
[WhiteElo "2501"]
[BlackElo "2870"]
[TimeControl "180+2"]
[EndTime "13:40:04 PST"]
[Termination "gmcorrales won by resignation"]

1. e4 c5 2. Nf3 Nc6 3. d4 cxd4 4.
Nxd4 Nf6 5. Nc3 d6 6. f3 e5 7.
Nb3 a5 8. a4 Be6 9. Bg5 Be7 10.
Qd2 O-O 11. O-O-O Nb4 12. Kb1 d5 13. Bxf6 Bxf6 14. Nxd5 Bxd5 15. exd5 Qb6 16. Bb5 Rfd8 17. d6 Nc6 18. Qd5 Nd4 19. Qc5 Qxc5 20. Nxc5 b6 21. Ne4 Bh4 22. Bc4 Rac8 23. b3 Kf8 24. c3 Nf5 25. Ba6 Ra8 26. Bc4 Ne3 27. Bd5 Nxd1 28. Bxa8 Nxc3+ 29. Nxc3 Rxa8 30. Nb5 Bd8 31. Rc1 Ke8 32.
Rc6 Kd7 33. Rc4 Rc8 34. Rxc8 Kxc8 35. Kc2 Kd7 36. Kd3 f5 37. Kc4 Kc6 38. g3 h5 39.
b4 axb4 40. Kxb4 h4 41. gxh4 Bxh4 42. Kc4 Bf6 43. h3 Bh4 44. Kd3 Be1 45. Kc4 Bh4 46.
Kd3 Kd5 47. Ke3 Bg5+ 48. Kd3 g6 49. Ke2 Kc6 50. Kd3 Bh4 51. Kc4 Bf2 52. Kd3 Bc5 53. Kc4 Bxd6 54. Nc3 Bc5 55. Nd5 Kd6 56. Nf6 Bd4 57. Nd5 Bg1 58. Nf6 Ke6 59. Nd5 e4 60. fxe4 fxe4 61. Nc7+ Ke5 62. Nd5 g5 63. Nc3 Bf2 64.
Nd5 Bd4 65. Nb4 Be3 66. Nd5 Bf2 67. Nc3 Kf4 68. Kd5 e3 69. Kc6 Kf3 70. Kd5 e2 71. Nxe2 Kxe2 72. Ke4 Kd2 73. Kf5 Bh4 74. Kg4 Kc3 75.
a5 bxa5 0-1

[Event "*** Titled Tuesday Blitz"]
[Site "Chess.com"]
[Date "2019.11.05"]
[Round "3"]
[White "Vuk2000"]
[Black "Indianlad"]
[Result "1/2-1/2"]
[WhiteElo "2797"]
[BlackElo "3022"]
[TimeControl "180+2"]
[EndTime "13:40:08 PST"]
[Termination "Game drawn by stalemate"]

1. d4 Nf6 2. Bg5 c5 3. Bxf6 gxf6 4. dxc5 Qa5+ 5. c3 Qxc5 6. g3 Nc6 7.
Bg2 Bg7 8. Nd2 f5 9. Nh3 h5 10. Nf4 h4 11. Nd5 h3 12. Bf3 Ne5 13. Nb3 Qd6 14. Qd2 e6 15. Nf4 Qxd2+ 16. Nxd2 d5 17. O-O-O Bd7 18. Nd3 Ng4 19. Bxg4 fxg4 20. e4 dxe4 21.
Nxe4 Bc6 22. Rhe1 Rd8 23. Nb4 Rxd1+ 24. Kxd1 Ba4+ 25. b3 Bd7 26. Nd6+ Kf8 27. Kc2 b6 28. Nd3 Rh5 29. Re4 Rd5 30. Nc4 e5 31. Ne3 Rd6 32.
Nxe5 Bxe5 33. Rxe5 Rf6 34. Rd5 Rxf2+ 35. Rd2 Rf3 36. Kd3 Bc6 37. Ke2 Rxg3 38. hxg3 h2 39. Rd1 Bf3+ 40. Kf2 Bxd1 41. Kg2 Bf3+ 42. Kxh2 Ke7 43.
Kg1 Ke6 44. Kf2 f5 45. Nc4 Bd5 46. Nd2 Ke5 47. Ke3 b5 48. Nf1 a5 49. Nd2 Be6 50.
a4 Bxb3 51. Nxb3 bxa4 52. Nxa5 Kd5 53. Kf4 a3 54. Kxf5 a2 55. Nb3 Kc4 56. Na1 Kxc3 57.
Ke4 Kd2 58. Kf4 Kc1 59. Ke3 Kb2 60. Kd2 Kxa1 61. Kc2 1/2-1/2

[Event "*** Titled Tuesday Blitz"]
[Site "Chess.com"]
[Date "2019.11.05"]
[Round "3"]
[White "SantoBlue"]
[Black "Squirlolz"]
[Result "1/2-1/2"]
[WhiteElo "2863"]
[BlackElo "2530"]
[TimeControl "180+2"]
[EndTime "13:40:11 PST"]
[Termination "Game drawn by repetition"]

1. e4 c6 2. d4 d5 3. exd5 cxd5 4. Bd3 Nc6 5. c3 Qc7 6. h3 e6 7. Nf3 Bd6 8. O-O Nge7 9. Re1 O-O 10. Nbd2 Ng6 11.
Nf1 Bd7 12. Ng5 h6 13. Bxg6 fxg6 14.
Nxe6 Bxe6 15. Rxe6 Rxf2 16. Kxf2 Qf7+ 17. Kg1 Qxe6 18.
Bd2 Rf8 19. Qb3 Qf7 20. Be3 Na5 21. Qc2 Nc4 22. Bf2 Qf5 23. Qxf5 gxf5 24. b3 Nb6 25. Nd2 Rc8 26. Rc1 Bf4 27. Be1 Be3+ 28. Kf1 Bxd4 29.
Nf3 Bf6 30. Ke2 d4 31. c4 Nd5 32. Bd2 Nc3+ 33. Kd3 Rd8 34. b4 a6 35. a3 Kf7 36.
Rf1 g5 37. g4 f4 38. Re1 Rd7 39.
h4 Na4 40. Bc1 gxh4 41. Rh1 Kg6 42. Bxf4 Nb2+ 43. Ke4 Nxc4 44. Nxh4+ Bxh4 45. Rxh4 d3 46. Rxh6+ Kg7 47. Rh1 d2 48. Rd1 Re7+ 49. Kd4 Re1 50.
Rxd2 Nxd2 51. Bxd2 Ra1 52. Kc5 Rxa3 53. Kb6 Rb3 54.
Kxb7 a5 55. Kc6 a4 56. b5 a3 57. Bf4 a2 58. Be5+ Kf7 59. b6 Ke6 60. Bh8 Rh3 61. Bg7 Rh7 62. Bd4 Rd7 63. Bh8 Rd8 64. Bg7 Rc8+ 65.
Kb5 Rc1 66. b7 a1=Q 67. Bxa1 Rxa1 68. Kc6 Rc1+ 69. Kb6 Rb1+ 70. Kc7 Rc1+ 71. Kd8 Rb1 72. Kc8 Rc1+ 73. Kd8 Rb1 74. Kc7 Rc1+ 75. Kd8 1/2-1/2

[Event "*** Titled Tuesday Blitz"]
[Site "Chess.com"]
[Date "2019.11.05"]
[Round "3"]
[White "SaraciNderim"]
[Black "TomasKapitanchuk"]
[Result "1-0"]
[WhiteElo "2818"]
[BlackElo "2503"]
[TimeControl "180+2"]
[EndTime "13:40:12 PST"]
[Termination "SaraciNderim won on time"]

1. b3 Nf6 2. Bb2 e6 3. e3 b6 4.
Nf3 Bb7 5. g3 Be7 6. Bg2 O-O 7.
O-O c5 8. d4 d5 9. Ne5 Nc6 10.
c4 Rc8 11. Nc3 dxc4 12. Nxc6 Bxc6 13. dxc5 Bxg2 14. Kxg2 Rxc5 15. Ba3 Rc7 16. Qxd8 Rxd8 17. Nb5 Rcd7 18. Bxe7 Rxe7 19. bxc4 Ne4 20. Rfd1 Red7 21. Rd4 Nd2 22. Rc1 Rxd4 23. exd4 a6 24. Nc7 Rxd4 25. c5 bxc5 26. Rxc5 Ne4 27. Rc2 h5 28. Nxa6 h4 29. gxh4 Nf6 30. Kg3 Kh7 31. Nc5 Nh5+ 32. Kh3 Nf4+ 33. Kg3 Nh5+ 34. Kg2 Nf4+ 35. Kf1 Nd5 36.
a4 Nf4 37. f3 Nd5 38. a5 Rxh4 39. Kg1 Rb4 40. Ra2 Rb5 41. Ne4 Nb4 42. Rb2 Rb8 43. h4 Kg6 44. Nc5 Na6 45. Rxb8 Nxb8 46. a6 Nc6 47. Kf2 Kf6 48. Kg3 Ke5 49. Ne4 Kd5 50. Ng5 f6 51. Ne4 Na7 52. Kf4 Kc6 53. h5 Kb6 54.
Nxf6 Nc6 55. Ne8 Ne7 56. Ke5 Kxa6 57. Nxg7 Nf5 58. Nxf5 exf5 59. Kxf5 1-0

[Event "*** Titled Tuesday Blitz"]
[Site "Chess.com"]
[Date "2019.11.05"]
[Round "3"]
[White "coolthing"]
[Black "misha_melnichuk"]
[Result "1-0"]
[WhiteElo "2360"]
[BlackElo "2522"]
[TimeControl "180+2"]
[EndTime "13:40:24 PST"]
[Termination "coolthing won on time"]

1. b3 Nf6 2. Bb2 g6 3. e3 Bg7 4. Nf3 O-O 5. d4 b6 6. Bd3 Bb7 7. O-O d5 8. c4 dxc4 9. bxc4 Nbd7 10. Nc3 e6 11. Rc1 c5 12. Qe2 Rc8 13. Rfd1 Qc7 14. Nb5 Qb8 15. Bb1 Rfd8 16. Ne5 cxd4 17. exd4 Nxe5 18.
dxe5 Ne8 19. f4 a6 20. Nd4 Bf8 21. Kh1 Qa8 22. Nb3 Bg7 23. Bd4 Rc6 24. Be4 Rcc8 25. Bxb7 Qxb7 26. c5 bxc5 27. Nxc5 Qb5 28. Qe4 Rxc5 29.
Rxc5 Qxc5 30. Bxc5 Rxd1+ 31. Bg1 Bf8 32. Qc6 Ng7 33. g4 h5 34. h3 Rf1 35. Qc4 Rd1 36. Kg2 hxg4 37. hxg4 Rd2+ 38. Kf3 a5 39. Bb6 Bb4 40.
Qc8+ Kh7 41. Qc4 Rh2 42. Be3 Rh3+ 43. Ke4 Rg3 44. Qe2 Rh3 45. Qg2 Rh6 46. Bc1 Ne8 47.
a3 Be7 48. Kd4 Nc7 49. f5 Rh4 50. f6 Bf8 51. Bg5 Rh6 52. Bxh6 Bxh6 53. g5 Bf8 54. a4 Nd5 55. Qd2 Kg8 56. Qxa5 Bb4 57. Qd8+ Kh7 58.
a5 Bc3+ 59. Kc4 Bxe5 60. Qf8 1-0

[Event "*** Titled Tuesday Blitz"]
[Site "Chess.com"]
[Date "2019.11.05"]
[Round "3"]
[White "Bryakin_Mikhail"]
[Black "NZT72"]
[Result "1/2-1/2"]
[WhiteElo "2711"]
[BlackElo "2489"]
[TimeControl "180+2"]
[EndTime "13:40:26 PST"]
[Termination "Game drawn by repetition"]

1. d4 Nf6 2. c4 e6 3. g3 d5 4. Bg2 Be7 5. Nf3 O-O 6. O-O dxc4 7. Qc2 b6 8. Ne5 Qxd4 9. Bxa8 Qxe5 10. Bf3 Ba6 11. Bf4 Qc5 12. Nc3 Nd5 13. Nxd5 exd5 14. Rfd1 c6 15. Rac1 Nd7 16. Bg2 Bf6 17. Qa4 Qb5 18.
Qxb5 Bxb5 19. Rb1 Nc5 20. Bd6 Re8 21. Bxc5 bxc5 22. e4 d4 23. f4 Bd8 24. e5 Bb6 25.
Rdc1 d3 26. Kf2 c3 27. bxc3 c4+ 28. Kf3 g6 29. Rd1 h5 30. Ke4 f5+ 31. Kf3 Ba4 32. Rd2 Kf7 33. Rb4 Bb5 34. a4 Ba6 35. Rb1 Ba5 36.
Rc1 Bb7 37. Kf2 Ba6 38. Bxc6 Rb8 39. Bb5 Bb6+ 40. Ke1 Bxb5 41. axb5 Be3 42. Rb1 Bxd2+ 43. Kxd2 Ke6 44. Ke3 Kd5 45. Ra1 Rxb5 46. Rxa7 Rb2 47.
Ra5+ Ke6 48. Kd4 Rxh2 49. Kxc4 d2 50. Rd5 Rg2 51. Rd6+ Ke7 52. Rd3 Ke6 53. Rd6+ Ke7 54.
Rd3 Ke6 55. Kd4 Rxg3 56. Rxd2 Rf3 57. Kc5 Rxf4 58. Rd6+ Kxe5 59. Rxg6 h4 60. Rh6 Re4 61. Kb5 Kd5 62. Rh5 Ke6 63. c4 Kf6 64. c5 Kg6 65. Rh8 Kg7 66. Rh5 Kg6 67. Rh8 Kg7 68.
Rh5 Kg6 1/2-1/2

[Event "*** Titled Tuesday Blitz"]
[Site "Chess.com"]
[Date "2019.11.05"]
[Round "3"]
[White "DrVitman"]
[Black "IvanRadivojevic"]
[Result "1-0"]
[WhiteElo "2713"]
[BlackElo "2464"]
[TimeControl "180+2"]
[EndTime "13:40:30 PST"]
[Termination "DrVitman won by resignation"]

1. e4 c6 2. d3 d5 3. f4 dxe4 4. dxe4 Qxd1+ 5. Kxd1 Nf6 6. Bd3 e5 7. f5 Bc5 8. Nf3 Nbd7 9. Ke2 g6 10. fxg6 hxg6 11.
Nc3 Nh5 12. Be3 Nf4+ 13. Bxf4 exf4 14. g3 Bd6 15. Kf2 Ne5 16. Nxe5 Bxe5 17. Kf3 fxg3 18. hxg3 Rxh1 19. Rxh1 Ke7 20. Nd1 Be6 21. b3 Rd8 22. Ne3 Rh8 23. Rxh8 Bxh8 24. Bc4 Bd4 25. Bxe6 Kxe6 26.
Ng4 Bg7 27. Ke3 Kd6 28. Kd3 Kc5 29. Ne3 Be5 30. g4 f6 31. Nc4 Bc7 32. c3 a5 33.
a3 Kb5 34. Nb2 Kc5 35. Nc4 Kb5 36. a4+ Kc5 37. Ne3 b5 38. Nc2 Kd6 39. Nd4 bxa4 40. bxa4 Bb6 41. Nf3 Bf2 42. Kc4 Ke6 43. Kd3 Kd6 44. Ke2 Bb6 45. Nd2 Bc7 46. Nc4+ Kc5 47. Kd3 Bd8 48. Nd2 Kd6 49. Nc4+ Kc5 50. Nd2 Kd6 51. Nf3 Bb6 52. Kc4 Bf2 53. Kd3 Bb6 54. Nh4 g5 55. Nf3 Bf2 56. e5+ Ke6 57. exf6 Kxf6 58. Ke4 Bb6 59. Nd4 c5 60. Nc2 Bc7 61. Ne3 Be5 62. Nd5+ Ke6 63. c4 Bd4 64. Nc7+ Kd6 65.
Nb5+ Kc6 66. Nxd4+ 1-0

[Event "*** Titled Tuesday Blitz"]
[Site "Chess.com"]
[Date "2019.11.05"]
[Round "3"]
[White "gorgeous1083"]
[Black "GrandGlacier"]
[Result "0-1"]
[WhiteElo "1976"]
[BlackElo "2525"]
[TimeControl "180+2"]
[EndTime "13:40:32 PST"]
[Termination "GrandGlacier won on time"]

1. e4 e5 2. Nf3 Nc6 3. Bc4 Bc5 4. b4 Bxb4 5. c3 Bd6 6. d4 Nf6 7. O-O O-O 8. Re1 h6 9. Nbd2 b6 10. Bb5 Qe7 11. d5 Na5 12. a4 c6 13. Bd3 Bb7 14. c4 Ba6 15. Bb2 Nb7 16. Nb3 Bb4 17. Re2 cxd5 18. exd5 d6 19. Nbd4 Qc7 20. Nc6 Bc5 21.
Nfxe5 dxe5 22. Bxe5 Bd6 23. Bxf6 Bxh2+ 24. Kh1 gxf6 25.
g3 Nd6 26. Kxh2 Bxc4 27. Bxc4 Nxc4 28. Qd4 Ne5 29. Nxe5 fxe5 30. Rxe5 Rfe8 31. Qg4+ Kh7 32. Qe4+ f5 33. Qxf5+ Kg7 34. Rae1 Rxe5 35. Rxe5 Rf8 36. Qe4 Rxf2+ 37. Kg1 Rf7 38. Qe1 Qc5+ 39. Kh2 Qc2+ 40. Re2 Qxa4 41. d6 Qd4 42. Qd2 Qxd2 43. Rxd2 Rd7 44.
Kh3 Kf6 45. Kh4 b5 46. Kh5 Kg7 47. Rd4 a6 48. Rg4+ Kf7 49. Rd4 Ke6 50. Kxh6 a5 51. g4 b4 52. g5 b3 53. Rd3 a4 54. g6 b2 55. Rd1 a3 56. g7 Rxg7 57. Kxg7 a2 58.
d7 a1=Q 59. d8=Q b1=Q+ 60. Kg8 Qxd1 61. Qe8+ Kf5 62. Qf7+ Kg4 63. Qg6+ Kf4 64. Qh6+ Ke4 65. Qh4+ Ke3 66. Qg5+ Kf2 67. Qh4+ Kg2 0-1

[Event "*** Titled Tuesday Blitz"]
[Site "Chess.com"]
[Date "2019.11.05"]
[Round "3"]
[White "GM_shahin"]
[Black "wonderfultime"]
[Result "0-1"]
[WhiteElo "2732"]
[BlackElo "2960"]
[TimeControl "180+2"]
[EndTime "13:40:37 PST"]
[Termination "wonderfultime won by resignation"]

1. Nf3 Nf6 2. g3 d5 3. Bg2 c6 4. O-O Bg4 5. h3 Bh5 6. c4 e6 7. d3 Nbd7 8. cxd5 cxd5 9. Nc3 Bc5 10. Qb3 Qb6 11. Qxb6 Bxb6 12. Na4 Ba5 13. Be3 O-O 14. Rfc1 h6 15. a3 b5 16. Nc5 Rfc8 17. g4 Bg6 18. Nxd7 Nxd7 19. Nd4 Rxc1+ 20. Rxc1 a6 21. Nc6 Bb6 22. Ne7+ Kf8 23. Nxg6+ fxg6 24. Bxb6 Nxb6 25. Rc6 Rb8 26. Rxe6 g5 27. b4 Kf7 28. Rc6 Ke7 29. Bf3 d4 30. Be4 Na4 31. Rxa6 Nc3 32. Bf3 Rc8 33. Kg2 Rc7 34. e3 dxe3 35. fxe3 Nb1 36. d4 Rc2+ 37. Kg3 Rc3 38. Kf2 Nxa3 39. Ra7+ Kf8 40. Bd5 Nc2 41. e4 Nxb4 42. Rf7+ Ke8 43. Be6 Nd3+ 44. Kg1 Rc1+ 45. Kh2 Rc2+ 46. Kg3 Nf4 47.
d5 Nxe6 48. dxe6 Rc6 49. Rxg7 Rb6 50. Rc7 b4 51. Rc2 b3 52. Rb2 Ke7 53. Kf3 Kxe6 54.
Ke3 Ke5 55. Kd3 Rb8 56. Ke3 Rb7 57. Kd3 Rb4 58. Kc3 Rxe4 59. Kxb3 Re3+ 60. Kc4 Rxh3 61. Rf2 Rh4 62. Re2+ Kf4 63. Kd3 Rh3+ 64. Kd4 Kxg4 65. Re6 Rh1 66. Re4+ Kf5 67. Re2 Rh3 68. Rf2+ Kg4 69.
Rg2+ Rg3 0-1

[Event "*** Titled Tuesday Blitz"]
[Site "Chess.com"]
[Date "2019.11.05"]
[Round "3"]
[White "LawrenceTrent"]
[Black "marianokar"]
[Result "1/2-1/2"]
[WhiteElo "2689"]
[BlackElo "2475"]
[TimeControl "180+2"]
[EndTime "13:40:39 PST"]
[Termination "Game drawn by stalemate"]

1. d4 Nf6 2. Bg5 d5 3. e3 e6 4. Nd2 Bd6 5. f4 c5 6. c3 O-O 7.
Ngf3 b6 8. Ne5 Be7 9. Bd3 Ba6 10. Bc2 Qc7 11. Qf3 Ne8 12. Qh3 f5 13. Bxe7 Qxe7 14.
g4 Nd6 15. O-O-O Nd7 16. Rhg1 Nxe5 17. fxe5 Ne4 18. gxf5 exf5 19. Qg2 Rac8 20. Kb1 Kh8 21. Bb3 Bd3+ 22. Ka1 c4 23. Ba4 a6 24. Nxe4 Bxe4 25. Qd2 b5 26. Bc2 Bxc2 27. Qxc2 b4 28. cxb4 Qxb4 29. Qc3 Qe7 30. Rdf1 Rb8 31. Rf4 Rb5 32.
h4 Rfb8 33. Rg2 g6 34. h5 Qb4 35. Qxb4 Rxb4 36. a3 Rb3 37. hxg6 c3 38. g7+ Kg8 39.
Rxf5 cxb2+ 40. Kb1 Rxe3 41. Rxb2 Rxb2+ 42. Kxb2 Rd3 43. e6 Re3 44. Rxd5 Rxe6 45. Rg5 Rg6 46. Rh5 Kxg7 47. Kc3 h6 48. a4 Rg5 49. Rh3 h5 50. Kc4 Kf6 51.
d5 Rg4+ 52. Kc5 h4 53. d6 Ke6 54. Re3+ Kd7 55. Re7+ Kd8 56. a5 h3 57. Rh7 Rg3 58. Kb6 Rd3 59. Rh6 Kd7 60. Kb7 Rxd6 61. Rxh3 Rd1 62.
Rh6 Rb1+ 63. Rb6 Rc1 64. Rxa6 Rc7+ 65. Kb8 Rc8+ 66. Ka7 Rc7+ 67. Kb8 Rc8+ 68. Kb7 Rc7+ 69. Kb6 Rc6+ 70. Ka7 Rxa6+ 71. Kxa6 Kc7 72. Ka7 Kc8 73. Ka8 Kc7 74. a6 Kc8 75. a7 Kc7 1/2-1/2

[Event "*** Titled Tuesday Blitz"]
[Site "Chess.com"]
[Date "2019.11.05"]
[Round "3"]
[White "Alliswell998"]
[Black "AndrBaryshpolets"]
[Result "0-1"]
[WhiteElo "2513"]
[BlackElo "2760"]
[TimeControl "180+2"]
[EndTime "13:40:42 PST"]
[Termination "AndrBaryshpolets won by resignation"]

1. e4 e5 2. Nf3 Nc6 3. Bc4 Bc5 4. c3 Nf6 5. d3 O-O 6. Bb3 d5 7. Qe2 dxe4 8. dxe4 Qe7 9. Bg5 h6 10. Bh4 Be6 11.
Bc2 a5 12. a4 Bd6 13. Nbd2 g5 14.
Bg3 Rfe8 15. Nc4 Bg4 16. Ne3 Be6 17. h4 g4 18. Nd2 h5 19. f3 Qf8 20. O-O-O Ne7 21.
Rhf1 Ng6 22. fxg4 Nxg4 23. Nf5 Nf4 24. Bxf4 exf4 25. Nxd6 Qxd6 26. Nf3 Qc5 27. Ng5 Qe3+ 28. Qd2 Rad8 29. Qxe3 Nxe3 30. Rxd8 Rxd8 31. Rxf4 Nxg2 32. Nxe6 fxe6 33. Rf6 Re8 34. Bb3 Kg7 35. Rf2 Nxh4 36. Rh2 Ng6 37. Rxh5 e5 38. Rf5 Rf8 39. Kd2 Rxf5 40.
exf5 Nf4 41. Ke3 Kf6 42. Ke4 Ne2 43. Bc2 Ng3+ 44. Kd5 Nxf5 45. b4 Ne7+ 46. Kc5 b6+ 47.
Kb5 Nd5 48. bxa5 bxa5 49. c4 Ne3 50. Bd3 Nd1 51. Kxa5 Ke6 52. Kb5 Kd6 53. c5+ Kd5 54. Bc4+ Kd4 55. Bf1 Nc3+ 56. Kb4 c6 57. a5 Nd5+ 58. Kb3 Kxc5 59. Bg2 Nc7 60. Bf1 Ne6 61.
Kc3 Nd4 62. Kd3 Nf3 63. Be2 Ng5 64. Bf1 Kb5 65. Be2 Kxa5 66. Kc4 Kb6 67. Bd3 Kc7 68.
Kc5 Ne6+ 69. Kc4 Kd6 70. Bf5 Nc5 71. Kc3 Kd5 72. Bh7 Ne4+ 73. Kd3 Nf6 74. Bg6 e4+ 75. Ke3 Ke5 76. Bf7 Nd5+ 77. Kd2 Kd4 78. Bh5 c5 79.
Kc2 c4 80. Bg4 Ne3+ 81. Kd2 Nxg4 0-1

[Event "*** Titled Tuesday Blitz"]
[Site "Chess.com"]
[Date "2019.11.05"]
[Round "3"]
[White "AryanTari"]
[Black "Mikhail_Golubev"]
[Result "1-0"]
[WhiteElo "2847"]
[BlackElo "2616"]
[TimeControl "180+2"]
[EndTime "13:41:07 PST"]
[Termination "AryanTari won by resignation"]

1. e4 c5 2. Nf3 d6 3. Nc3 Nf6 4.
e5 dxe5 5. Nxe5 a6 6. g3 Qc7 7. d4 cxd4 8. Qxd4 Nc6 9. Nxc6 Qxc6 10. Bg5 e6 11. Bxf6 gxf6 12. Qxf6 Rg8 13. O-O-O Bd7 14. Bd3 Bg7 15. Qg5 Kf8 16. Bxh7 Rh8 17. Be4 Bh6 18. Qxh6+ Rxh6 19. Bxc6 Bxc6 20. Rhf1 Rxh2 21.
f4 Rg2 22. Rg1 Ke7 23. Rxg2 Bxg2 24. Rd2 Bc6 25. b3 Rg8 26. Rd3 Rh8 27. a4 Rh2 28. Rd2 Rh1+ 29. Rd1 Rh2 30. Rd3 Kf6 31. b4 Kf5 32. b5 axb5 33. axb5 Bh1 34. b6 Bc6 35. Rd6 Bf3 36. Nb5 Kg4 37. Nd4 Be4 38. Rd7 Kxg3 39. Rxf7 Kf2 40. Nxe6 Ke3 41. Rc7 Rh6 42. Rc3+ Ke2 43.
Nd4+ Kf2 44. Rb3 Rf6 45. Nb5 Rxb6 46. Kb2 Bd5 47. Rb4 Bc6 48. c4 Kf3 49. Nd4+ Ke4 50. Rxb6 Kxd4 51. f5 Ke5 52. Kc3 Kxf5 53. Kd4 Ke6 54.
Kc5 Kd7 55. Rb1 Kc7 56. Rg1 b6+ 57. Kd4 Kd6 58. Rg6+ Kc7 59. Rh6 Be8 60. Rf6 Bc6 61. Kc3 Bd7 62. Kd3 Bc6 63. Kd4 Kd7 64. Rf1 Kc7 65. Rf7+ Kd6 66. Rg7 Ke6 67. Rg8 Kd6 68. Rc8 Kd7 69. Rh8 Kd6 70. Rh6+ Kc7 71. Ke5 Bd7 72. Rh7 Kc6 73. Kd4 Kd6 74. Rh6+ Kc7 75. Kd5 Ba4 76. Rh7+ Kc8 77. Kd6 Kb8 78. Rh4 Kb7 79.
c5 Be8 80. c6+ 1-0

[Event "*** Titled Tuesday Blitz"]
[Site "Chess.com"]
[Date "2019.11.05"]
[Round "3"]
[White "Guenplen"]
[Black "anesar92"]
[Result "1/2-1/2"]
[WhiteElo "2976"]
[BlackElo "2682"]
[TimeControl "180+2"]
[EndTime "13:41:10 PST"]
[Termination "Game drawn by repetition"]

1. Nf3 Nf6 2. c4 g6 3. Nc3 Bg7 4. g3 b6 5. Bg2 Bb7 6. O-O O-O 7. d4 Ne4 8. Bd2 Nxd2 9. Qxd2 d6 10. e4 Nd7 11. Rad1 a5 12. Rfe1 e5 13. b3 exd4 14. Nxd4 Nc5 15. Nd5 Re8 16. h4 Ne6 17. Nxe6 fxe6 18. Nc3 Rf8 19. Nb5 Bc6 20. Qe3 Qe7 21.
e5 d5 22. Nd4 Bb7 23. cxd5 exd5 24. f4 c5 25. Nb5 d4 26. Qf2 Bxg2 27. Qxg2 a4 28. Nd6 axb3 29. axb3 Kh8 30. Ra1 Rxa1 31. Rxa1 Bxe5 32. fxe5 Qxe5 33. Nc4 Qe6 34. Rf1 Rxf1+ 35.
Kxf1 b5 36. Qa8+ Kg7 37. Qb7+ Kh6 38. Qxb5 Qf5+ 39. Ke2 Qe4+ 40. Kd2 Qg2+ 41. Kc1 Qxg3 42. Qxc5 Qc3+ 43. Kb1 Qxb3+ 44. Nb2 Qe3 45. Qd5 Qe1+ 46.
Ka2 Qxh4 47. Nd3 Qg5 48. Qxd4 Qf5 49. Ne5 g5 50. Ng4+ Kh5 51. Nf6+ Kg6 52. Nd5 Qe6 53. Kb2 h5 54. Qd3+ Kh6 55. Qf3 h4 56. Qf8+ Kh5 57.
Qf3+ Kg6 58. Qd3+ Kh6 59. Ne3 Qf6+ 60. Ka2 Qe6+ 61. Kb2 Qf6+ 62. Ka3 Qe7+ 63. Ka4 Qa7+ 64. Kb5 Qb7+ 65. Kc5 Qc7+ 66. Kb4 Qb6+ 67. Ka3 Qa7+ 68.
Kb2 Qg7+ 69. Kb1 Qg6 70. Nf5+ Kh5 71. Ka2 g4 72. Qd5 Qg5 73. Qf7+ Qg6 74. Qd5 Qg5 75. Qf7+ Qg6 76. Qd5 1/2-1/2

[Event "*** Titled Tuesday Blitz"]
[Site "Chess.com"]
[Date "2019.11.05"]
[Round "3"]
[White "albano87"]
[Black "csati17"]
[Result "0-1"]
[WhiteElo "1992"]
[BlackElo "2530"]
[TimeControl "180+2"]
[EndTime "13:41:22 PST"]
[Termination "csati17 won on time"]

1. Nf3 Nf6 2. d4 b6 3. g3 Bb7 4. Bg2 g6 5. O-O Bg7 6. c4 O-O 7. Nc3 e6 8. Qc2 d5 9. Ne5 a6 10. Rd1 Ra7 11. cxd5 Nxd5 12. e4 Nxc3 13. bxc3 Bxe5 14. dxe5 Qe7 15. h4 Nc6 16. Bg5 Qc5 17.
Be3 Qxe5 18. Bf4 Qc5 19. Bxc7 Nb4 20. Bxb6 Qxb6 21. cxb4 Qxb4 22. Rab1 Qe7 23. h5 Ba8 24. Qd2 Rc7 25. h6 Qf6 26. Rb6 Rcc8 27. Rxa6 Rfd8 28.
Rd6 Rxd6 29. Qxd6 Qg5 30. Qf4 Qe7 31. Qe5 f6 32. Qd6 Kf7 33. Qxe7+ Kxe7 34. Rd2 Rc5 35. e5 Bxg2 36. exf6+ Kxf6 37. Kxg2 Kg5 38. Re2 Ra5 39. Re4 Kxh6 40. a4 Kg5 41. Rb4 Kf6 42. Kf3 h5 43. Kf4 g5+ 44. Kf3 Rc5 45. Rb5 Rc3+ 46. Kg2 Ra3 47.
a5 Kg6 48. Re5 Kf6 49. Rb5 Ra2 50. Rc5 Ra1 51. Rb5 e5 52. Rb6+ Kf5 53. a6 Ra2 54. Rh6 Kg4 55. Rg6 e4 56. Re6 Kf5 57. Rh6 e3 58.
Kf3 exf2 59. Kg2 Kg4 60. Rb6 f1=Q+ 61. Kxf1 Kxg3 62. Rb3+ Kh4 63. Rb6 g4 64. Kg1 Kh3 65. Rb5 h4 66. Rb6 g3 67. Kf1 g2+ 68. Kg1 Ra1+ 0-1